[Event "Early-Titled-Tuesday-Blitz-January-16-2024"]
[Site "Chess.com"]
[Date "2024.01.16"]
[Round "11"]
[White "Nasrin_Babayeva"]
[Black "BelyakovBogdan"]
[Result "0-1"]
[WhiteElo "1912"]
[BlackElo "2502"]
[TimeControl "180+1"]
[EndTime "10:04:05 PST"]
[Termination "BelyakovBogdan won by resignation"]

1. e4 e5 2. d3 Nc6 3. Nd2 Bc5 4. c3 a5 5. Ngf3 Nf6 6. Be2 d6 7. O-O O-O 8. Qc2 h6 9. Re1 Ng4 10. Rf1 f5 11. h3 Nf6 12. a3 fxe4 13. dxe4 Nh5 14. Re1 Nf4 15. Bf1 Qf6 16. g3 Nxh3+ 17. Bxh3 Bxh3 0-1

[Event "Early-Titled-Tuesday-Blitz-January-16-2024"]
[Site "Chess.com"]
[Date "2024.01.16"]
[Round "11"]
[White "Roedor"]
[Black "Alenzer"]
[Result "0-1"]
[WhiteElo "2361"]
[BlackElo "2158"]
[TimeControl "180+1"]
[EndTime "10:04:06 PST"]
[Termination "Alenzer won by resignation"]

1. d4 d5 2. c4 dxc4 3. e3 Nf6 4. Bxc4 a6 5. Nf3 e6 6. O-O b5 7. Bb3 Bb7 8. Nc3 c5 9. dxc5 Bxc5 10. Qxd8+ Kxd8 11. Rd1+ Ke7 12. Nd2 Nbd7 13. Bc2 Rac8 14. Nde4 b4 15.
Nxc5 Rxc5 0-1

[Event "Early-Titled-Tuesday-Blitz-January-16-2024"]
[Site "Chess.com"]
[Date "2024.01.16"]
[Round "11"]
[White "bitter-cikolata"]
[Black "GMAkobianSTL"]
[Result "0-1"]
[WhiteElo "2562"]
[BlackElo "2697"]
[TimeControl "180+1"]
[EndTime "10:04:28 PST"]
[Termination "GMAkobianSTL won by resignation"]

1. e4 d6 2. d4 Nf6 3. Nc3 c6 4. g3 Bg4 5. Qd3 d5 6. e5 Nfd7 7. Bg2 e6 8. Nge2 Bf5 9. Qd1 c5 10. O-O Nc6 11. h3 cxd4 12. Nxd4 Nxd4 13. Qxd4 Bc5 14.
Qf4 Bxc2 15. Qg4 O-O 16. Bg5 Nxe5 17. Qe2 Qxg5 18. Qxc2 Qxg3 19. Nxd5 Nf3+ 0-1

[Event "Early-Titled-Tuesday-Blitz-January-16-2024"]
[Site "Chess.com"]
[Date "2024.01.16"]
[Round "11"]
[White "carloseduar100"]
[Black "elchacal664"]
[Result "1-0"]
[WhiteElo "2271"]
[BlackElo "2352"]
[TimeControl "180+1"]
[EndTime "10:04:37 PST"]
[Termination "carloseduar100 won by resignation"]

1. g3 g6 2. Bg2 Bg7 3. d4 Nf6 4. c3 O-O 5. Nf3 d6 6. O-O Na6 7. Re1 c5 8. e4 cxd4 9. cxd4 Nc7 10.
Nc3 b5 11. e5 Nfd5 12. Nxd5 Nxd5 13. Qb3 Nc7 14. exd6 exd6 15. Bg5 Qd7 16. Rac1 Re8 17. Rxe8+ Nxe8 18. Ne5 dxe5 19. Bxa8 exd4 20. Bc6 Qf5 21. Qxb5 Qxb5 22. Bxb5 1-0

[Event "Early-Titled-Tuesday-Blitz-January-16-2024"]
[Site "Chess.com"]
[Date "2024.01.16"]
[Round "11"]
[White "UnTucopalaTimba"]
[Black "maurovargas01"]
[Result "0-1"]
[WhiteElo "1971"]
[BlackElo "1851"]
[TimeControl "180+1"]
[EndTime "10:04:46 PST"]
[Termination "maurovargas01 won by resignation"]

1. e4 c5 2. Nf3 Nc6 3. d4 cxd4 4. Nxd4 d6 5. Nc3 Nf6 6. Be2 g6 7. O-O Bg7 8. Be3 O-O 9. Qd2 Bd7 10.
Rfd1 Rc8 11. Bh6 Nxd4 12. Qxd4 Bxh6 13. e5 dxe5 14. Qxe5 Bg7 15. Qe3 Qb6 16. Qxe7 Rfe8 17. Qa3 Rxc3 0-1

[Event "Early-Titled-Tuesday-Blitz-January-16-2024"]
[Site "Chess.com"]
[Date "2024.01.16"]
[Round "11"]
[White "ilqar_74"]
[Black "dropstoneDP"]
[Result "1/2-1/2"]
[WhiteElo "2829"]
[BlackElo "3014"]
[TimeControl "180+1"]
[EndTime "10:04:52 PST"]
[Termination "Game drawn by agreement"]

1. e4 e5 2. Nf3 Nf6 3. Nxe5 d6 4. Nf3 Nxe4 5. d4 d5 6. Bd3 Bd6 7. O-O O-O 8. c4 c6 9. Qc2 h6 10. Nc3 Nxc3 11. bxc3 dxc4 12. Bxc4 Qf6 13. Re1 Bf5 14. Bd3 Bxd3 15. Qxd3 Nd7 16. Rb1 b5 17. c4 bxc4 18. Qxc4 Rfe8 19. Bd2 Nb6 20. Qc2 Qg6 21. Qxg6 fxg6 22.
Rxe8+ Rxe8 23. Rc1 Rc8 24. Kf1 Kf7 25. Ke2 Ke6 26. Kd3 g5 27. h3 Kd5 28. Be3 Na4 29. Nd2 c5 30. dxc5 1/2-1/2

[Event "Early-Titled-Tuesday-Blitz-January-16-2024"]
[Site "Chess.com"]
[Date "2024.01.16"]
[Round "11"]
[White "Zohid6"]
[Black "MagnusCarlsen"]
[Result "0-1"]
[WhiteElo "2834"]
[BlackElo "3289"]
[TimeControl "180+1"]
[EndTime "10:05:17 PST"]
[Termination "MagnusCarlsen won by resignation"]

1. d4 Nf6 2. Nc3 d5 3. Bf4 a6 4. e3 b5 5. h4 h6 6. Bd3 e6 7. Nce2 c5 8. c3 Nc6 9. Nf3 Bd6 10. dxc5 Bxc5 11. Ned4 Bb7 12. Nxc6 Bxc6 13. Nd4 Bd7 14. Be5 Qb6 15. Qe2 Bd6 16. Nf3 Ng4 17. Bxd6 Qxd6 18. e4 O-O 19. e5 Qc7 20. Rh3 f6 21. exf6 Rxf6 22. O-O-O e5 23. Bc2 e4 24. Bb3 exf3 25. Bxd5+ Kh8 26. gxf3 Re8 27. Qd2 Nxf2 0-1

[Event "Early-Titled-Tuesday-Blitz-January-16-2024"]
[Site "Chess.com"]
[Date "2024.01.16"]
[Round "11"]
[White "agvega14"]
[Black "queen_iryna"]
[Result "0-1"]
[WhiteElo "2135"]
[BlackElo "2307"]
[TimeControl "180+1"]
[EndTime "10:05:52 PST"]
[Termination "queen_iryna won by resignation"]

1. d4 d6 2. e4 Nf6 3. Nc3 e5 4. Be3 Nc6 5. Bb5 Bd7 6. d5 Ne7 7.
Bxd7+ Qxd7 8. f3 Ng6 9. g3 Be7 10. Qd2 c6 11. dxc6 bxc6 12. Rd1 Qb7 13. b3 O-O 14. Nge2 Rfd8 15. Qc1 d5 16. exd5 cxd5 17. Na4 d4 18. Bf2 Qxf3 19. O-O Qxe2 0-1

[Event "Early-Titled-Tuesday-Blitz-January-16-2024"]
[Site "Chess.com"]
[Date "2024.01.16"]
[Round "11"]
[White "NinoMaisuradze"]
[Black "DanilNajdin"]
[Result "0-1"]
[WhiteElo "2322"]
[BlackElo "2491"]
[TimeControl "180+1"]
[EndTime "10:05:57 PST"]
[Termination "DanilNajdin won by resignation"]

1. d4 Nf6 2. c4 e6 3. Nc3 d5 4. cxd5 exd5 5. Bf4 c6 6. e3 Bd6 7. Bg3 Bxg3 8. hxg3 O-O 9. Bd3 Re8 10. Nf3 Bg4 11.
Qc2 h6 12. Ne5 Nbd7 13. f3 Nxe5 14. dxe5 Rxe5 15. fxg4 Rxe3+ 16. Kd2 Nxg4 17. Rae1 Qg5 18. Bh7+ Kh8 19. Qf5 Rxe1+ 20. Kxe1 Re8+ 21. Kd1 Ne3+ 0-1

[Event "Early-Titled-Tuesday-Blitz-January-16-2024"]
[Site "Chess.com"]
[Date "2024.01.16"]
[Round "11"]
[White "cristiano78"]
[Black "Bushonica"]
[Result "1-0"]
[WhiteElo "2229"]
[BlackElo "1814"]
[TimeControl "180+1"]
[EndTime "10:05:58 PST"]
[Termination "cristiano78 won by resignation"]

1. d4 d5 2. c4 e6 3. Nc3 c5 4. cxd5 exd5 5. Nf3 Nf6 6. Bg5 Nc6 7. e3 c4 8. Rc1 Be7 9. Be2 O-O 10. O-O Bf5 11. b3 cxb3 12. Qxb3 Be6 13. Bb5 Rc8 14. Bxc6 bxc6 15. Ne5 h6 16. Bxf6 Bxf6 17. Na4 Rb8 18. Qc3 Bxe5 19. dxe5 Qc7 20. Qxc6 Qxe5 21. Qc7 Qg5 22. Nc5 Bh3 23. Qg3 Qxg3 24. hxg3 Bf5 25. Rfd1 Rfd8 26. f3 Rb2 27. a4 g6 28. g4 Bc2 29.
Rd2 Rb1 30. Rxc2 1-0

[Event "Early-Titled-Tuesday-Blitz-January-16-2024"]
[Site "Chess.com"]
[Date "2024.01.16"]
[Round "11"]
[White "talaicito"]
[Black "Allion2017"]
[Result "1-0"]
[WhiteElo "2273"]
[BlackElo "2046"]
[TimeControl "180+1"]
[EndTime "10:06:03 PST"]
[Termination "talaicito won by checkmate"]

1. d4 d5 2. Nc3 Nf6 3. Bf4 Bf5 4. e3 e6 5. f3 c5 6. Nb5 Na6 7. c3 Rc8 8. Nxa7 Ra8 9. Nb5 Be7 10. a4 O-O 11. g4 Bg6 12. h4 h5 13. g5 Ne8 14.
Bd3 Bxd3 15. Qxd3 g6 16. Ne2 c4 17. Qc2 Nd6 18. Kf2 Nxb5 19. axb5 Nc7 20. Rxa8 Nxa8 21. Ra1 Nc7 22. Be5 Bd6 23. b6 Nb5 24. Nf4 Bxe5 25. dxe5 Qxb6 26. Nxg6 d4 27. Nxf8 dxe3+ 28. Ke2 Kxf8 29.
Ra8+ Ke7 30. Qd1 Nc7 31. Qd8# 1-0

[Event "Early-Titled-Tuesday-Blitz-January-16-2024"]
[Site "Chess.com"]
[Date "2024.01.16"]
[Round "11"]
[White "Polish_fighter3000"]
[Black "PLAYER_2006_M"]
[Result "1-0"]
[WhiteElo "3094"]
[BlackElo "2925"]
[TimeControl "180+1"]
[EndTime "10:06:07 PST"]
[Termination "Polish_fighter3000 won by resignation"]

1. e4 e5 2. Nf3 Nf6 3. Nxe5 d6 4. Nf3 Nxe4 5. Nc3 Nxc3 6. dxc3 Be7 7. Be3 O-O 8. Qd2 Nd7 9. O-O-O Nf6 10. Kb1 c5 11. Bd3 Be6 12. Rhe1 Qa5 13. a3 Rfe8 14. Ng5 Bf8 15. Nxe6 Rxe6 16. Bg5 Rae8 17. Bxf6 gxf6 18. Bc4 Bh6 19. Rxe6 Bxd2 20. Rxe8+ Kg7 21. Rxd2 Qa4 22. Re4 1-0

[Event "Early-Titled-Tuesday-Blitz-January-16-2024"]
[Site "Chess.com"]
[Date "2024.01.16"]
[Round "11"]
[White "PapaieDudu"]
[Black "SpongeBob_03"]
[Result "1-0"]
[WhiteElo "2404"]
[BlackElo "2220"]
[TimeControl "180+1"]
[EndTime "10:06:39 PST"]
[Termination "PapaieDudu won by resignation"]

1. e4 c5 2. Nf3 d6 3. d4 cxd4 4. Nxd4 Nf6 5. Nc3 g6 6. f3 Nc6 7.
Be3 h5 8. Qd2 Nxd4 9. Qxd4 Bg7 10. O-O-O O-O 11. Bc4 Ng4 12. Qd2 Nxe3 13. Qxe3 Be6 14.
Bxe6 fxe6 15. Kb1 Qa5 16. Ne2 Rac8 17. Rd3 Rc5 18. Nf4 Rfc8 19. Rc1 Qb6 20. Rb3 Bd4 21.
Qxd4 Rxc2 22. Rxc2 Qxd4 23. Rxc8+ Kh7 24. Nxe6 Qg1+ 25.
Rc1 Qxg2 26. Rxb7 Qxf3 27. Ng5+ 1-0

[Event "Early-Titled-Tuesday-Blitz-January-16-2024"]
[Site "Chess.com"]
[Date "2024.01.16"]
[Round "11"]
[White "JimDiGrease"]
[Black "BardArtem"]
[Result "1-0"]
[WhiteElo "2983"]
[BlackElo "2812"]
[TimeControl "180+1"]
[EndTime "10:06:57 PST"]
[Termination "JimDiGrease won by resignation"]

1. d4 d5 2. c4 dxc4 3. Nf3 Nf6 4. e3 e6 5. Bxc4 c5 6. O-O Nc6 7. Qe2 cxd4 8. Rd1 Be7 9. exd4 O-O 10. Nc3 h6 11. d5 exd5 12. Nxd5 Nxd5 13. Bxd5 Qc7 14. Qc4 Bf6 15. Bf4 Qb6 16. Bd6 Rd8 17. Bxf7+ Kh8 18. Bg6 Bd7 19. Bc2 Ne7 20. Bxe7 Bxe7 21. Qe4 1-0

[Event "Early-Titled-Tuesday-Blitz-January-16-2024"]
[Site "Chess.com"]
[Date "2024.01.16"]
[Round "11"]
[White "cthulhuuu"]
[Black "Let_it_be_1"]
[Result "0-1"]
[WhiteElo "2421"]
[BlackElo "2616"]
[TimeControl "180+1"]
[EndTime "10:06:59 PST"]
[Termination "Let_it_be_1 won on time"]

1. e4 e6 2. d3 d5 3. Nd2 Nf6 4. Ngf3 Nc6 5. g3 Bc5 6. Bg2 dxe4 7. dxe4 e5 8. O-O O-O 9. c3 a5 10. Qc2 b6 11. Nc4 Ba6 12. Rd1 Qe7 13. Ne3 Rad8 14. Nd5 Nxd5 15. exd5 e4 16. dxc6 exf3 17. Bxf3 Rxd1+ 18.
Qxd1 Rd8 19. Bd2 Qf6 20. Kg2 Bb5 21. h4 h6 22. Qc2 Bxc6 23. Bxc6 Qxf2+ 24. Kh3 Rxd2 0-1

[Event "Early-Titled-Tuesday-Blitz-January-16-2024"]
[Site "Chess.com"]
[Date "2024.01.16"]
[Round "11"]
[White "scarabee43"]
[Black "evgchess5"]
[Result "0-1"]
[WhiteElo "2818"]
[BlackElo "2985"]
[TimeControl "180+1"]
[EndTime "10:07:01 PST"]
[Termination "evgchess5 won by checkmate"]

1. Nf3 c5 2. c4 Nc6 3. Nc3 Nf6 4. g3 g6 5. Bg2 d6 6. O-O Bg7 7. d4 cxd4 8. Nxd4 Bd7 9. b3 h5 10. Bb2 h4 11. Nd5 Kf8 12. Nxf6 Bxf6 13. Nxc6 Bxc6 14. Bxf6 exf6 15. e4 Kg7 16. Qd3 Qe7 17. Rad1 Rad8 18. Rfe1 Qe5 19. Qd4 Qh5 20. Rd3 hxg3 21.
hxg3 Qh2+ 22. Kf1 Rhe8 23. Rf3 Re5 24. Rf4 g5 25. Rf3 Rde8 26. Qxd6 R8e6 27. Qd4 Bxe4 28.
Rd1 g4 29. Rf4 Bxg2# 0-1

[Event "Early-Titled-Tuesday-Blitz-January-16-2024"]
[Site "Chess.com"]
[Date "2024.01.16"]
[Round "11"]
[White "Witik"]
[Black "djano"]
[Result "1-0"]
[WhiteElo "2762"]
[BlackElo "2635"]
[TimeControl "180+1"]
[EndTime "10:07:13 PST"]
[Termination "Witik won by resignation"]

1. d4 d5 2. c4 e6 3. Nc3 c5 4. e3 Nf6 5. Nf3 Nc6 6. a3 a6 7. dxc5 Bxc5 8. b4 Bd6 9. Bb2 O-O 10. Qc2 Re8 11. Rd1 dxc4 12. Ng5 Ne5 13. Nce4 Nxe4 14. Nxe4 Nd3+ 15. Bxd3 cxd3 16. Qxd3 Bxb4+ 17. axb4 Qe7 18. Qd6 Qh4 19. Qg3 Qh6 20. Nf6+ 1-0

[Event "Early-Titled-Tuesday-Blitz-January-16-2024"]
[Site "Chess.com"]
[Date "2024.01.16"]
[Round "11"]
[White "shimastream"]
[Black "chenxiaoyuer"]
[Result "1-0"]
[WhiteElo "3018"]
[BlackElo "2765"]
[TimeControl "180+1"]
[EndTime "10:07:17 PST"]
[Termination "shimastream won by checkmate"]

1. e4 c5 2. Nf3 d6 3. Nc3 Nf6 4. e5 dxe5 5. Nxe5 a6 6. Be2 Nbd7 7. d4 cxd4 8. Qxd4 g6 9. Ng4 Bg7 10. Bh6 O-O 11. O-O-O e5 12. Qd2 Qa5 13. Bxg7 Kxg7 14. Qh6+ Kg8 15. Rxd7 Nxd7 16. Ne4 f6 17. Bc4+ Kh8 18.
Ngxf6 Rxf6 19. Nxf6 Nxf6 20. Qf8+ Ng8 21. Qxg8# 1-0

[Event "Early-Titled-Tuesday-Blitz-January-16-2024"]
[Site "Chess.com"]
[Date "2024.01.16"]
[Round "11"]
[White "Talent-OF-Slovenia"]
[Black "TitarovVasiliYouTube"]
[Result "0-1"]
[WhiteElo "2412"]
[BlackElo "2545"]
[TimeControl "180+1"]
[EndTime "10:07:17 PST"]
[Termination "TitarovVasiliYouTube won by resignation"]

1. e4 c5 2. Nc3 Nc6 3. Nge2 e5 4. g3 g6 5. Bg2 Bg7 6. O-O Nge7 7. Re1 O-O 8. Nd5 d6 9. Nec3 f5 10. d3 h6 11. Be3 Be6 12. h4 Nd4 13. Qd2 Kh7 14.
f4 Nxd5 15. h5 Nxe3 16. hxg6+ Kxg6 17. Rxe3 Kh7 18. Rf1 exf4 19. gxf4 Qd7 20. Ne2 Nxe2+ 21. Qxe2 Bd4 22. Rf3 Rg8 23. Rh3 Rg6 24. Kh1 Bxe3 25. Qxe3 Rag8 26. exf5 Bxf5 27. Bd5 Be6 28. Be4 Bf5 29.
Bd5 Re8 30. Qf3 Qe7 31. Be4 Bxe4 32. dxe4 Qxe4 0-1

[Event "Early-Titled-Tuesday-Blitz-January-16-2024"]
[Site "Chess.com"]
[Date "2024.01.16"]
[Round "11"]
[White "publicaccountcze"]
[Black "m_ezat"]
[Result "0-1"]
[WhiteElo "2319"]
[BlackElo "2454"]
[TimeControl "180+1"]
[EndTime "10:07:22 PST"]
[Termination "m_ezat won by resignation"]

1. e4 e5 2. Nf3 Nf6 3. Nxe5 d6 4. Nf3 Nxe4 5. Nc3 Nxc3 6. dxc3 d5 7. Be3 c6 8. Qd2 Qa5 9. Bd3 Bd6 10. Nd4 Nd7 11.
Nf5 Bf8 12. Bd4 Nc5 13. Nxg7+ Bxg7 14. Bxg7 Rg8 15. Qe3+ Be6 16. Bd4 Nxd3+ 17. cxd3 Rxg2 18. Bf6 Kd7 19. d4 Re8 20. Kd2 Bg4 21. Be5 Qb5 22. Qd3 Rxf2+ 23. Ke3 Rf3+ 24. Ke2 Qxd3+ 25. Ke1 Re3+ 26. Kf2 Re2+ 0-1

[Event "Early-Titled-Tuesday-Blitz-January-16-2024"]
[Site "Chess.com"]
[Date "2024.01.16"]
[Round "11"]
[White "Firouzja2003"]
[Black "MITerryble"]
[Result "1-0"]
[WhiteElo "3166"]
[BlackElo "3025"]
[TimeControl "180+1"]
[EndTime "10:07:24 PST"]
[Termination "Firouzja2003 won on time"]

1. e4 e6 2. d4 d5 3. exd5 exd5 4. Nf3 Nc6 5. Bd3 Nb4 6. Be2 Bf5 7. Na3 Nc6 8. O-O Bxa3 9. bxa3 Nge7 10. Rb1 b6 11.
Nh4 O-O 12. Nxf5 Nxf5 13. c3 Qf6 14. Bd3 Nfe7 15. f4 Nf5 16. g4 Nd6 17. g5 Qd8 18. f5 Ne4 19. f6 g6 20. Qf3 Re8 21. Qh3 h5 22. Bf4 Na5 23. Rbe1 c5 24. Be5 Qc8 25. Qxc8 Raxc8 26. Bxe4 dxe4 27. Rxe4 Nc4 28. Rfe1 cxd4 29. cxd4 Nxa3 30. d5 Nc4 31. Bf4 Rxe4 32. Rxe4 b5 33. Re7 Nb6 34. d6 Rd8 35. Kf2 Rd7 36. Ke3 a6 37.
Kd4 Rd8 38. Kc5 1-0

[Event "Early-Titled-Tuesday-Blitz-January-16-2024"]
[Site "Chess.com"]
[Date "2024.01.16"]
[Round "11"]
[White "JSPrepz"]
[Black "TregubovP"]
[Result "1-0"]
[WhiteElo "2875"]
[BlackElo "2678"]
[TimeControl "180+1"]
[EndTime "10:07:24 PST"]
[Termination "JSPrepz won by resignation"]

1. e4 c5 2. Nf3 e6 3. c3 d5 4.
e5 Nc6 5. d4 Qb6 6. Bd3 cxd4 7.
O-O Bd7 8. Re1 Nge7 9. h4 Nf5 10. Bxf5 exf5 11. cxd4 Be7 12. Nc3 Be6 13. h5 h6 14.
a3 g5 15. hxg6 fxg6 16. b4 Qd8 17. Qd3 g5 18. Bd2 Qd7 19. Rac1 g4 20. Nh2 h5 21. Ne2 h4 22. Nf4 Rg8 23. Nf1 Kf7 24. Ne3 Raf8 25.
Nexd5 Bg5 26. Nxe6 Qxe6 27. Bxg5 Qxd5 28. Qxf5+ 1-0

[Event "Early-Titled-Tuesday-Blitz-January-16-2024"]
[Site "Chess.com"]
[Date "2024.01.16"]
[Round "11"]
[White "Nikita_Klepikov"]
[Black "tteshan"]
[Result "0-1"]
[WhiteElo "2395"]
[BlackElo "2612"]
[TimeControl "180+1"]
[EndTime "10:07:30 PST"]
[Termination "tteshan won by resignation"]

1. e4 c5 2. Nf3 Nc6 3. d4 cxd4 4. Nxd4 g6 5. Nc3 Bg7 6. Be3 Nf6 7. Bc4 O-O 8. Bb3 d6 9. f3 Bd7 10. Qd2 Rc8 11. O-O-O Ne5 12. Kb1 Nc4 13. Bxc4 Rxc4 14.
g4 b5 15. b3 b4 16. Ncb5 Bxb5 17. Nxb5 Rc8 18. e5 dxe5 19. Qxb4 Qe8 20. Nxa7 Rb8 21.
Qc4 Rb7 22. Nc6 Rc7 23. Nxe7+ Qxe7 24. Qd3 e4 25. fxe4 Nxe4 0-1

[Event "Early-Titled-Tuesday-Blitz-January-16-2024"]
[Site "Chess.com"]
[Date "2024.01.16"]
[Round "11"]
[White "Legendinunknown"]
[Black "Thursday_the_14_th"]
[Result "1-0"]
[WhiteElo "2823"]
[BlackElo "2640"]
[TimeControl "180+1"]
[EndTime "10:07:34 PST"]
[Termination "Legendinunknown won by checkmate"]

1. d4 Nf6 2. c4 e6 3. Nc3 d5 4. cxd5 exd5 5. Bg5 Be7 6. e3 O-O 7. Bd3 h6 8. Bh4 Nbd7 9. Nge2 c5 10. O-O b6 11. f3 Bb7 12. Bf2 Re8 13. Ng3 Nf8 14. Nf5 Ne6 15. Re1 a6 16. Nxe7+ Qxe7 17. Bh4 b5 18. Ne2 Ng5 19. Ng3 Bc8 20. f4 Nge4 21.
Bxe4 dxe4 22. dxc5 Qxc5 23. Bxf6 gxf6 24. f5 Bxf5 25.
Qh5 Re5 26. Rac1 Qd5 27. Qxh6 Bg6 28. Qf4 Qxa2 29. Qxf6 Qe6 30. Qf4 Rd5 31. h4 Qe5 32. Qg4 Kh7 33. Rf1 Rg8 34. Rc6 f5 35. Qg5 Bf7 36.
Qh6# 1-0

[Event "Early-Titled-Tuesday-Blitz-January-16-2024"]
[Site "Chess.com"]
[Date "2024.01.16"]
[Round "11"]
[White "Durarbayli"]
[Black "brm72"]
[Result "1-0"]
[WhiteElo "2859"]
[BlackElo "2710"]
[TimeControl "180+1"]
[EndTime "10:07:38 PST"]
[Termination "Durarbayli won by resignation"]

1. e4 c5 2. Nf3 Nc6 3. d4 cxd4 4. Nxd4 Nf6 5. Nc3 e6 6. Nxc6 bxc6 7. e5 Nd5 8. Ne4 Qc7 9. f4 Rb8 10. a3 f5 11. Nd6+ Bxd6 12. exd6 Qb6 13. c4 Nf6 14. b4 c5 15. b5 Bb7 16. Bb2 O-O 17. a4 Qa5+ 18.
Qd2 Qxd2+ 19. Kxd2 Ne4+ 20. Ke3 Ra8 21. Rg1 a6 22.
Be5 axb5 23. cxb5 Bd5 24. Bd3 Ra5 25. Bxe4 Bxe4 26. Bc3 Raa8 27. g3 Rfb8 28. Rgc1 c4 29.
Kd4 Bd5 30. Kc5 g6 31. Kb4 Kf7 32. Be5 h6 33. a5 Bc6 34. b6 Ra6 35. Rxc4 Rb7 36.
Rxc6 dxc6 37. Kc5 1-0

[Event "Early-Titled-Tuesday-Blitz-January-16-2024"]
[Site "Chess.com"]
[Date "2024.01.16"]
[Round "11"]
[White "koncheto"]
[Black "Grandelicious"]
[Result "0-1"]
[WhiteElo "2583"]
[BlackElo "2904"]
[TimeControl "180+1"]
[EndTime "10:07:44 PST"]
[Termination "Grandelicious won by resignation"]

1. e4 d6 2. d4 Nf6 3. Bd3 e5 4. c3 d5 5. dxe5 Nxe4 6. Bxe4 dxe4 7. Qa4+ Bd7 8. Qxe4 Bc6 9. Qg4 h5 10. Qg3 h4 11.
Qg4 Qd5 12. Qc8+ Ke7 13. Qxc7+ Nd7 14. Qd6+ Qxd6 15. exd6+ Kf6 16. f3 Bxd6 17. Be3 Rae8 18. Kf2 Bg3+ 19. hxg3 hxg3+ 20. Kxg3 Rxh1 21. Bd4+ Kg6 22. Nd2 b6 23. Rd1 f6 24. Kf2 Ne5 25. Nf1 Re7 26. Ng3 Rh2 27. Nh3 Rxg2+ 28. Kxg2 Bxf3+ 29. Kf2 Bxd1 30. Nf4+ Kf7 31. Ne4 Ng4+ 0-1

[Event "Early-Titled-Tuesday-Blitz-January-16-2024"]
[Site "Chess.com"]
[Date "2024.01.16"]
[Round "11"]
[White "C_K_G"]
[Black "Quattroporte300"]
[Result "1-0"]
[WhiteElo "2060"]
[BlackElo "2409"]
[TimeControl "180+1"]
[EndTime "10:07:47 PST"]
[Termination "C_K_G won by resignation"]

1. e4 c5 2. Nf3 a6 3. d4 cxd4 4. Nxd4 Nf6 5. Nc3 e5 6. Nb3 Bb4 7. Bd3 d5 8. exd5 Nxd5 9. Bd2 Nxc3 10. bxc3 Bd6 11. O-O Nc6 12. Re1 O-O 13. Rb1 f5 14. Be3 Qh4 15. Bc5 Bxc5 16. Nxc5 e4 17. Bc4+ Kh8 18.
Qd6 Rd8 19. Qc7 Qe7 20. Qb6 Ne5 21. Bb3 Rd6 22. Qb4 b6 23. Na4 a5 24. Qa3 Ba6 25.
Nxb6 Rxb6 26. Qxe7 Ng6 27. Qc5 Rb5 28. Qc6 Rb7 29. Bd5 1-0

[Event "Early-Titled-Tuesday-Blitz-January-16-2024"]
[Site "Chess.com"]
[Date "2024.01.16"]
[Round "11"]
[White "profedechess93"]
[Black "SergioMoralesG"]
[Result "0-1"]
[WhiteElo "2623"]
[BlackElo "2470"]
[TimeControl "180+1"]
[EndTime "10:07:49 PST"]
[Termination "SergioMoralesG won by resignation"]

1. e4 c5 2. Nf3 e6 3. d4 cxd4 4.
Nxd4 Nc6 5. Nc3 Qc7 6. Ndb5 Qb8 7.
Be3 a6 8. Bb6 axb5 9. Nxb5 Bb4+ 10. c3 Ba5 11. Nc7+ Qxc7 12. Bxc7 Bxc7 13. Qg4 g6 14.
Bb5 Kf8 15. O-O Kg7 16. a4 Nf6 17. Qe2 d5 18. f3 Bd7 19. Rfd1 Rhd8 20. Kh1 h5 21. b4 Ne5 22. Bxd7 Rxd7 23. f4 Nc4 24. e5 Ne4 25. Qxe4 dxe4 26. Rxd7 Bb6 27. Rxb7 Be3 28. g3 Bd2 29. Kg2 Bxc3 30. Rc1 Ne3+ 31.
Kh3 Nd5 0-1

[Event "Early-Titled-Tuesday-Blitz-January-16-2024"]
[Site "Chess.com"]
[Date "2024.01.16"]
[Round "11"]
[White "GiorgianBarbosa"]
[Black "NewYearGirl"]
[Result "0-1"]
[WhiteElo "2575"]
[BlackElo "2394"]
[TimeControl "180+1"]
[EndTime "10:07:49 PST"]
[Termination "NewYearGirl won by resignation"]

1. e4 c5 2. Nf3 d6 3. d4 cxd4 4. Nxd4 Nf6 5. Nc3 g6 6. Be2 Bg7 7. O-O Nc6 8. Nb3 O-O 9. Bg5 h6 10. Be3 b6 11. h3 Bb7 12. Qd2 Rc8 13. Bxh6 Ne5 14. Bxg7 Kxg7 15. Bd3 Rh8 16. f4 Nc4 17. Qc1 Qc7 18. Nb5 Qd7 19. Nxa7 Rc7 20. a4 Bxe4 21.
Bxe4 Nxe4 22. Nb5 Rcc8 23. Qe1 d5 24. Ra2 Rxh3 25. gxh3 Qxh3 26. Qe2 Rh8 27. Qg2 Qe3+ 28. Rf2 Nxf2 29. Qxf2 Rh1+ 30. Kxh1 Qxf2 31. N3d4 Ne3 0-1

[Event "Early-Titled-Tuesday-Blitz-January-16-2024"]
[Site "Chess.com"]
[Date "2024.01.16"]
[Round "11"]
[White "alexrustemov"]
[Black "ninguno46"]
[Result "1-0"]
[WhiteElo "2829"]
[BlackElo "2547"]
[TimeControl "180+1"]
[EndTime "10:07:53 PST"]
[Termination "alexrustemov won by resignation"]

1. d4 f5 2. g3 Nf6 3. Bg2 g6 4. c4 Bg7 5. Nf3 O-O 6. O-O d6 7. Nc3 c6 8. Qc2 Qe8 9. e4 e5 10. dxe5 dxe5 11. exf5 gxf5 12. Re1 e4 13. Ng5 Qh5 14.
Nh3 Ng4 15. Ne2 Qf7 16. Bd2 Na6 17. Nhf4 Ne5 18. b3 Re8 19. Bc3 Nc5 20. Bxe5 Bxe5 21. Rad1 Bd7 22. f3 Bg7 23. fxe4 fxe4 24. Rf1 a5 25.
Nd5 Qg6 26. Nc7 Nd3 27. Nxa8 Rxa8 28. Nf4 Qd6 29. Nxd3 exd3 30. Qxd3 Qc5+ 31. Kh1 Bg4 32. Rde1 h6 33. Qe4 Bh5 34. Rf5 1-0

[Event "Early-Titled-Tuesday-Blitz-January-16-2024"]
[Site "Chess.com"]
[Date "2024.01.16"]
[Round "11"]
[White "bancsoo"]
[Black "Buzhizhebuguai"]
[Result "0-1"]
[WhiteElo "2906"]
[BlackElo "2703"]
[TimeControl "180+1"]
[EndTime "10:07:54 PST"]
[Termination "Buzhizhebuguai won by resignation"]

1. Nf3 Nf6 2. g3 b6 3. Bg2 Bb7 4. O-O g6 5. d4 Bg7 6. c4 e6 7.
Nc3 Ne4 8. Nxe4 Bxe4 9. Bg5 Qc8 10.
Qd2 O-O 11. Bh6 d6 12. Qf4 f5 13. Qh4 Bf6 14. Bg5 Nd7 15. c5 Qb7 16. cxd6 cxd6 17. Rac1 Rae8 18. Rc3 Re7 19. Rfc1 Bxg5 20. Qxg5 Nf6 21.
Nh4 Bxg2 22. Nxg2 Ne4 23. Qf4 Nxc3 24. Rxc3 e5 25. dxe5 dxe5 26. Qc4+ Rff7 27. Rd3 Rc7 28. Rd8+ Kg7 29. Qb4 Rc1+ 30. Ne1 Qe7 0-1

[Event "Early-Titled-Tuesday-Blitz-January-16-2024"]
[Site "Chess.com"]
[Date "2024.01.16"]
[Round "11"]
[White "starworld123"]
[Black "BogdanDeac"]
[Result "0-1"]
[WhiteElo "2852"]
[BlackElo "3025"]
[TimeControl "180+1"]
[EndTime "10:07:55 PST"]
[Termination "BogdanDeac won by resignation"]

1. Nf3 d5 2. d4 Nf6 3. c4 e6 4. Nc3 dxc4 5. e3 a6 6. a4 c5 7. Bxc4 Nc6 8. O-O Be7 9. Qe2 O-O 10. Rd1 Qc7 11. h3 Rd8 12. dxc5 Rxd1+ 13. Nxd1 Bxc5 14. Bd2 Bd7 15. Rc1 Bd6 16. e4 Rc8 17. Bg5 Bf4 18.
Bxf4 Qxf4 19. Nd2 Nxe4 20. Ne3 Nd4 21. Qe1 Nxd2 22. Qxd2 Bc6 23. Bf1 Rd8 24. Rc4 Nf3+ 25.
gxf3 Qg5+ 0-1